 Dungeon Crawl Stone Soup version 0.27-a0-819-g058290f16d (webtiles) character file.

Game seed: 15849259900973219794

3483 porpoise the Destroyer (level 9, -4/54 HPs)
             Began as a Deep Elf Conjurer on Mar 29, 2021.
             Was a Follower of Vehumet.
             Killed from afar by a steam dragon (13 damage)
             ... with a ball of steam
             ... on level 8 of the Dungeon.
             The game lasted 00:50:56 (9118 turns).

porpoise the Destroyer (Deep Elf Conjurer)          Turns: 9118, Time: 00:51:01

Health: -4/54      AC:  9    Str:  6    XL:     9   Next: 79%
Magic:  6/21       EV: 12    Int: 24    God:    Vehumet [*.....]
Gold:   116        SH:  0    Dex: 14    Spells: 6/22 levels left

rFire    . . .     SeeInvis .   b - +0 hunting sling
rCold    . . .     Faith    .   (no shield)
rNeg     . . .     Spirit   .   y - +0 acid dragon scales
rPois    .         Reflect  .   C - +0 helmet
rElec    .         Harm     .   E - +1 cloak
rCorr    +         Rampage  .   (no gloves)
Will     .....                  (no boots)
Stlth    ++........             (no amulet)
HPRegen  0.18/turn              (no ring)
MPRegen  0.17/turn              (no ring)

@: no status effects
A: no striking features
a: Renounce Religion


You were on level 8 of the Dungeon.
You worshipped Vehumet.
Vehumet was aware of your devotion.
You visited 2 branches of the dungeon, and saw 9 of its levels.

You collected 330 gold pieces.
You spent 214 gold pieces at shops.

Inventory:

Hand Weapons
 a - a +2 dagger of venom
 b - a +0 hunting sling (weapon)
 B - a +2 flail of holy wrath
Missiles
 c - 68 sling bullets (quivered ammo)
 f - 37 poisoned darts
 m - 2 silver boomerangs
 w - 7 boomerangs
Armour
 j - a +0 robe
 y - +0 acid dragon scales (worn)
 C - a +0 helmet (worn)
 E - a +1 cloak (worn)
Wands
 d - a wand of flame (33)
Scrolls
 e - 4 scrolls of noise
 g - 6 scrolls of teleportation
 k - 3 scrolls of fog
 p - a scroll of immolation {unknown}
 u - a scroll of magic mapping
 v - a scroll of enchant weapon {unknown}
 x - a scroll of amnesia {unknown}
 z - a scroll of holy word {unknown}
 D - a scroll of blinking
 G - a scroll of enchant armour {unknown}
 H - 2 scrolls of acquirement {unknown}
Potions
 h - 2 potions of lignification {unknown}
 i - 5 potions of heal wounds
 l - 3 potions of attraction
 n - a potion of haste
 o - 3 potions of berserk rage
 q - 2 potions of flight
 r - a potion of mutation
 s - a potion of invisibility
 t - a potion of might
 A - 2 potions of brilliance {unknown}


   Skills:
 - Level 5.0 Fighting
 - Level 5.0 Dodging
 - Level 2.4 Stealth
 - Level 7.0 Spellcasting
 - Level 9.0 Conjurations
 - Level 8.2 Hexes
 - Level 5.2 Translocations
 + Level 1.3 Air Magic
 + Level 1.4 Poison Magic
 - Level 0.2 Evocations


You had 6 spell levels left.
You knew the following spells:

 Your Spells              Type           Power      Damage    Failure   Level
a - Magic Dart            Conj           100%       1d8       1%          1
b - Searing Ray           Conj           100%       3d7       1%          2
c - Fulminant Prism       Conj/Hex       24%        3d13      4%          4
d - Iskenderun's Mystic   Conj/Tloc      42%        2d10      8%          4
k - Blink                 Tloc           N/A        N/A       2%          2
m - Mephitic Cloud        Conj/Pois/Air  27%        N/A       9%          3

Your spell library contained the following spells:

 Spells                   Type           Power      Damage    Failure   Level
 Foxfire                  Conj/Fire      100%       2x1d9     2%          1
 Apportation              Tloc           66%        N/A       1%          1
 Corona                   Hex            53%        N/A       1%          1
 Slow                     Hex            48%        N/A       1%          2
 Dazzling Flash           Conj/Hex       98%        N/A       1%          3
 Conjure Flame            Conj/Fire      30%        6-21      7%          3
 Animate Skeleton         Necr           16%        N/A       14%         1
 Summon Small Mammal      Summ           32%        N/A       14%         1
 Call Imp                 Summ           8%         N/A       22%         2


Dungeon Overview and Level Annotations

Branches:
Dungeon (8/15)             Temple (1/1) D:7
   Lair: D:8-11

Altars:
Ashenzari
Cheibriados
Dithmenos
Elyvilon
Fedhas
Gozag
Hepliaklqana
Kikubaaqudgha
Makhleb
Nemelex Xobeh
Okawaru
Qazlal
Ru
Sif Muna
Trog
Uskayaw
Vehumet
Xom
Yredelemnul
Zin
The Shining One

Shops:
D:6 =:?   D:7 (


Message History

Aiming: Searing Ray (safe; 1% risk of failure)
Press: ? - help, Shift-Dir - straight line, f - shadow imp
Aim: a shadow imp (ally target, 19% to evade)
The searing ray hits the shadow imp!
The shadow imp is almost dead. (Press . to maintain the ray.)
The steam dragon breathes steam at you.
The ball of steam hits your fulminant prism.
Your fulminant prism resists.
The ball of steam hits you!!
You hear a loud crackle.
The searing ray hits the shadow imp!
You kill the shadow imp!
Vehumet accepts your kill.
You are engulfed in a cloud of scalding steam.
You hear an explosion!
Unknown command.
Casting: Searing Ray (safe; 1% risk of failure)
Confirm with . or Enter, or press ? or * to list all spells.
Aiming: Searing Ray (safe; 1% risk of failure)
Press: ? - help, Shift-Dir - straight line, f - steam dragon
Aim: a steam dragon (steam, heavily wounded, 17% to evade)
The searing ray hits the steam dragon.
The steam dragon is severely wounded. (Press . to maintain the ray.)
The steam dragon breathes steam at you. The ball of steam hits you!!
* * * LOW HITPOINT WARNING * * *
You are engulfed in a cloud of scalding steam.
* * * LOW HITPOINT WARNING * * *
You are engulfed in a cloud of scalding steam.
* * * LOW HITPOINT WARNING * * *
Your magical contamination has completely faded away.
The searing ray hits the steam dragon.
The steam dragon is almost dead.
You finish channeling your searing ray.
A kobold comes into view. It is wielding a +0 short sword.
The steam dragon breathes steam at you. The ball of steam hits you!
You die...

#.#
#..<#..<######.#
#.# #...##.#
#>...
#.###...##.
#.... #.#.......
#.#.# #.#.....##
#.#.# #.#..#
..#.. #....# # #
## #..
###.##.#...# #..
#@§D...... #..
#####.K... ... .


You could see a steam dragon (catching breath) and a kobold (wandering).

Vanquished Creatures
  Maggie (D:6)
  Grinder (D:3)
  5 yaks (D:7)
  Edmund (D:4)
  A water moccasin (D:6)
  An orc warrior (D:7)
  A black bear (D:5)
  3 ice beasts
  A centaur (D:5)
  An ogre (D:4)
  2 kobold brigands
  2 bullfrogs
  3 scorpions
  2 howler monkeys (D:6)
  2 bullfrog zombies (D:6)
  2 centaur zombies
  Crazy Yiuf (D:6)
  2 jellies
  A bullfrog skeleton (D:4)
  3 orc priests
  A centaur skeleton (D:3)
  2 iguanas
  Ijyb (D:4)
  4 orc wizards (D:8)
  2 killer bee zombies
  A howler monkey zombie (D:8)
  Robin (D:3)
  12 adders
  8 gnolls
  2 shadow imps
  A white imp (D:7)
  An adder zombie (D:5)
  A worm (D:4)
  3 dart slugs
  18 orcs
  10 ball pythons
  6 endoplasms
  6 giant cockroaches
  18 goblins
  6 hobgoblins
  11 jackals
  A quokka (D:2)
  5 bats
  3 frilled lizards
  14 kobolds
  A quokka skeleton (D:4)
  7 rats
182 creatures vanquished.

Vanquished Creatures (others)
  17 fulminant prisms
17 creatures vanquished.

Grand Total: 199 creatures vanquished

Notes
Turn   | Place    | Note
-------+----------+-------------------------------------------
     0 | D:1      | porpoise the Deep Elf Conjurer began the quest for the Orb.
     0 | D:1      | Reached XP level 1. HP: 10/10 MP: 6/6
   205 | D:1      | Reached XP level 2. HP: 15/15 MP: 4/8
   243 | D:1      | Learned a level 2 spell: Searing Ray
   995 | D:2      | Reached skill level 5 in Conjurations
   995 | D:2      | Reached XP level 3. HP: 19/19 MP: 5/10
  1436 | D:2      | Reached XP level 4. HP: 5/24 MP: 6/12
  2315 | D:2      | Reached skill level 5 in Spellcasting
  2337 | D:2      | Reached skill level 6 in Conjurations
  2739 | D:2      | Reached XP level 5. HP: 28/28 MP: 12/14
  2758 | D:2      | Learned a level 4 spell: Fulminant Prism
  2763 | D:2      | Learned a level 4 spell: Iskenderun's Mystic Blast
  2936 | D:3      | Reached skill level 1 in Fighting
  3098 | D:3      | Found a burning altar of Makhleb.
  3274 | D:3      | Noticed Grinder
  3284 | D:3      | Killed Grinder
  3285 | D:3      | Reached skill level 7 in Conjurations
  3285 | D:3      | Reached XP level 6. HP: 36/36 MP: 6/15
  3400 | D:3      | Noticed Robin
  3408 | D:3      | Killed Robin
  3818 | D:4      | Noticed Ijyb
  3821 | D:4      | Killed Ijyb
  3822 | D:4      | Reached skill level 1 in Hexes
  3939 | D:4      | Reached XP level 7. HP: 41/41 MP: 11/16
  4529 | D:4      | Noticed Edmund
  4537 | D:4      | Killed Edmund
  4797 | D:5      | Entered Level 5 of the Dungeon
  5098 | D:5      | Reached skill level 5 in Hexes
  5124 | D:5      | Found a sparkling altar of Nemelex Xobeh.
  5231 | D:5      | Reached XP level 8. HP: 26/48 MP: 12/17
  5370 | D:5      | Found an ancient bone altar of Kikubaaqudgha.
  5374 | D:5      | Reached skill level 5 in Fighting
  5479 | D:5      | Found an iron altar of Okawaru.
  5826 | D:6      | Found Xoab's Jewellery Boutique.
  6011 | D:6      | Noticed Maggie
  6020 | D:6      | Killed Maggie
  6021 | D:6      | Reached skill level 8 in Conjurations
  6204 | D:6      | Reached skill level 1 in Translocations
  6266 | D:6      | Reached skill level 5 in Dodging
  6653 | D:6      | Found Luod's Book Shop.
  6723 | D:6      | Found Tuablue's Magic Scroll Shoppe.
  6731 | D:6      | Bought a scroll of blinking for 82 gold pieces
  6731 | D:6      | Bought a scroll of teleportation for 33 gold pieces
  6731 | D:6      | Bought a scroll of teleportation for 33 gold pieces
  6731 | D:6      | Bought a scroll of identify for 22 gold pieces
  6731 | D:6      | Bought a scroll of identify for 22 gold pieces
  6731 | D:6      | Bought a scroll of identify for 22 gold pieces
  6773 | D:6      | Found a runed translucent door.
  6774 | D:6      | Noticed Crazy Yiuf
  6781 | D:6      | Killed Crazy Yiuf
  6992 | D:6      | Reached XP level 9. HP: 53/54 MP: 10/18
  7327 | D:7      | Found a staircase to the Ecumenical Temple.
  7367 | Temple   | Entered the Ecumenical Temple
  7482 | Temple   | Became a worshipper of Vehumet
  7535 | D:7      | Reached skill level 9 in Conjurations
  7679 | D:7      | Reached skill level 5 in Translocations
  7861 | D:7      | Found a hide-covered altar of Uskayaw.
  7931 | D:7      | Found a stormy altar of Qazlal.
  8002 | D:7      | Found a sparkling altar of Nemelex Xobeh.
  8156 | D:7      | Found Anudd's Antique Weapon Boutique.
  8465 | D:8      | Reached * piety under Vehumet
  8465 | D:8      | Offered knowledge of Foxfire by Vehumet.
  8845 | D:8      | Learned a level 2 spell: Blink
  8849 | D:8      | Learned a level 3 spell: Mephitic Cloud
  8981 | D:8      | Reached skill level 1 in Air Magic
  8981 | D:8      | Reached skill level 1 in Poison Magic
  9118 | D:8      | Killed from afar by a steam dragon

Illustrated notes

Levels and vault maps discovered:
D:1:      saegor_arrival_simple_c, layout_loops_cross
D:2:      minmay_wonky_spiral, layout_basic
D:3:      layout_basic, lemuel_coloured_pillars_altar,
          minmay_misc_feat_enclosed, uniq_robin, uniq_grinder
D:4:      layout_rooms, uniq_edmund, uniq_ijyb
D:5:      layout_basic, kennysheep_mini, old_standard_altar,
          kennysheep_okawaru_gauntlet
D:6:      layout_gridville, serial_shops, nicolae_shop_window_shopping,
          nicolae_shop_crystal, shop, uniq_crazy_yiuf_cottage, uniq_maggie
D:7:      layout_basic, grunt_qazlal_clouds, nicolae_uskayaw_dance_hall,
          minmay_temple_entry_overgrown, serial_glass, glass_columns_b,
          glass_columns_b, serial_shops, nicolae_shop_waterfront,
          enter_bailey_3, basic_altar
D:8:      layout_basic, uniq_maurice
Temple:   regret_index_temple_waves

Skill      XL: |  1  2  3  4  5  6  7  8  9 |
---------------+----------------------------+-----
Spellcasting   | 4 5 7 |  7.0
Conjurations   | 5 6 7 8 9 |  9.0
Fighting       | 2 3 4 5 |  5.0
Hexes          | 2 5 7 8 |  8.2
Dodging        | 5 |  5.0
Translocations | 2 5 |  5.2
Air Magic      | 1 |  1.3
Poison Magic   | 1 |  1.4
Stealth        | |  2.4
Evocations     | |  0.2

Action                   |  1- 3 |  4- 6 |  7- 9 || total
-------------------------+-------+-------+-------++-------
Melee: Short sword       |     3 |       |       ||     3
 Fire: Hunting sling     |     7 |    23 |    96 ||   126
Throw: Dart              |       |     1 |       ||     1
 Cast: Magic Dart        |    40 |    34 |    10 ||    84
       Searing Ray       |     8 |    27 |    63 ||    98
       Fulminant Prism   |       |     1 |    16 ||    17
Evoke: Wand              |       |       |    10 ||    10
  Use: Scroll            |       |     3 |    13 ||    16
       Potion            |       |       |     1 ||     1
 Stab: Sleeping          |     1 |       |       ||     1
Armor: Robe              |     1 |     3 |     2 ||     6
       Acid dragon scale |       |       |    11 ||    11
Dodge: Dodged            |     4 |     4 |    19 ||    27

Table legend: (Time is in decaauts)
 A = Elapsed time spent in this place.
 B = Non-inter-level travel time spent in this place.
 C = Inter-level travel time spent in this place.
 D = Time resting spent in this place.
 E = Time spent auto-exploring this place.
 F = Levels seen in this place.
 G = Mean time per level.
                   A        B        C        D        E       F      G
               +--------+--------+--------+--------+--------+-----+--------+
         Total |   9138 |   8928 |    210 |   3715 |   4172 |   9 | 1015.3 |
       Dungeon |   8999 |   8812 |    187 |   3715 |   4070 |   8 | 1124.9 |
        Temple |    139 |    117 |     22 |      0 |    102 |   1 |  139.0 |
               +--------+--------+--------+--------+--------+-----+--------+

Top non-repeatable levels by time:
     D:2: 1957 daAuts
     D:6: 1519 daAuts
     D:4: 1158 daAuts
     D:7: 1093 daAuts
     D:3: 920 daAuts
     D:1: 917 daAuts
     D:5: 761 daAuts
     D:8: 670 daAuts
  Temple: 139 daAuts
